 Dungeon Crawl Stone Soup version 0.31-a0-986-g5e6e4ef867 (webtiles) character file.

Game seed: 3638066660416996614

515 LeprechaunX the Changeling (level 7, -1/46 HPs)
             Began as an Octopode Shapeshifter on Nov 8, 2023.
             Slain by Duvessa
             ... wielding a +0 short sword
              (8 damage)
             ... on level 4 of the Dungeon.
             The game lasted 00:03:34 (3248 turns).

LeprechaunX the Changeling (Octopode Shapeshifter)  Turns: 3248, Time: 00:03:34

Health: -1/46      AC:  1    Str: 13    XL:     7   Next: 20%
Magic:  7/7        EV: 13    Int: 13    God:
Gold:   208        SH:  0    Dex: 13    Spells: 6/6 levels left

rFire   . .          .
                       - Unarmed
rCold   . . .        (no shield)
rNeg    . . .        (helmet currently unavailable)
rPois   .            (no amulet)
rElec   .            (no ring)
rCorr   .            (no ring)
SInv    .            (no ring)
Will    .....        (no ring)
Stlth   ++           (no ring)
HPRegen 0.27/turn    (no ring)
MPRegen 0.10/turn    (no ring)
                     (no ring)

%: no passive effects
@: beast-form
A: beast (slay +3), almost no armour, amphibious, 8 rings, camouflage 1,
gelatinous body 1, (nimble swimmer 1), tentacles
a: Begin Untransformation


You were on level 4 of the Dungeon.
You were a hulking beast.
You visited 1 branch of the dungeon, and saw 4 of its levels.

You collected 208 gold pieces.

Inventory:

Hand Weapons
 a - a +0 sling of electrocution
Talismans
 b - a beast talisman
 c - a flux talisman
Wands
 n - a wand of flame (19)
Scrolls
 d - 2 scrolls of fear {unknown}
 f - a scroll of identify {unknown}
 h - 2 scrolls of teleportation {unknown}
 i - a scroll of immolation {unknown}
 j - 5 scrolls of poison {unknown}
 l - a scroll of torment {unknown}
 p - a scroll of enchant weapon {unknown}
Potions
 e - 3 potions of curing {unknown}
 g - a potion of heal wounds {unknown}
 k - 3 potions of lignification
 m - 2 potions of might {unknown}
 o - a potion of berserk rage {unknown}
 q - a potion of enlightenment {unknown}


   Skills:
 + Level 3.3 Fighting
 - Level 2.0 Dodging
 + Level 4.4 Unarmed Combat
 + Level 2.7 Evocations
 * Level 5.3 Shapeshifting


You had 6 spell levels left.
You didn't know any spells.
Your spell library contained the following spells:

 Spells                   Type           Power      Damage    Failure   Level
 Magic Dart               Conj           0%         1d3       30%         1
 Call Imp                 Summ           0%         N/A       43%         2
 Mephitic Cloud           Conj/Pois/Air  0%         N/A       67%         3


Dungeon Overview and Level Annotations

Branches:
Dungeon (4/15)
 Temple: D:4-7

Altars:

Annotations:
D:4 Dowan, Duvessa


Innate Abilities, Weirdness & Mutations

You are a hulking beast.
Your limbs bulge with bestial killing power. (Slay +3)
You cannot wear most types of armour.
You are amphibious.
You can wear up to eight rings at the same time.
Your skin changes colour to match your surroundings (Stealth+).
Your rubbery body absorbs attacks. (AC +1, EV +1)
((You are camouflaged when in or above water. (Stealth+)))
You have tentacles for arms and can constrict up to eight enemies at once.


Message History

There is an open door here.
There is an open door here.
There is an open door here.
There is a stone staircase leading up here.
Duvessa and a quokka come into view.
Duvessa shouts!
There is an escape hatch in the floor here.
The quokka twitches its whiskers.
The quokka bites you. Duvessa hits you with a +0 short sword.
The quokka closely misses you.
You tentacle-slap the quokka. Your grab misses the quokka.
The quokka is severely wounded.
Duvessa hits you with a +0 short sword. The quokka bites you.
You tentacle-slap Duvessa. Your grab misses Duvessa.
You tentacle-slap Duvessa, but do no damage.
Your squeeze misses Duvessa.
Duvessa is moderately wounded.
The quokka closely misses you. Duvessa hits you with a +0 short sword!
You tentacle-slap the quokka but do no damage.
You grab the quokka. You squeeze the quokka.
You kill the quokka!
Duvessa barely misses you.
You tentacle-slap Duvessa. You grab Duvessa. You tentacle-slap Duvessa.
You squeeze Duvessa.
Duvessa is heavily wounded.
You constrict Duvessa. Duvessa hits you with a +0 short sword!
* * * LOW HITPOINT WARNING * * *
You tentacle-slap Duvessa but do no damage.
Duvessa is heavily wounded.
You constrict Duvessa, but do no damage.
Unknown command.
You tentacle-slap Duvessa.
Duvessa is heavily wounded.
You constrict Duvessa, but do no damage.
Duvessa closely misses you.
Unknown command.
You tentacle-slap Duvessa. You squeeze Duvessa.
Duvessa is severely wounded.
You constrict Duvessa. Duvessa hits you with a +0 short sword!
You die...

## #. ####. ##..## #.....
########### ## #.....
##.........##..## #.....
#.........e.....# #...##
##.....>..h.....#######..##
#....########...##...##..##
####.#############...#.....
#.........e........#.....
#..................#.....
#........##..e##...######
#........##...##...##..##
##.<.##.......##...##....
#...##............#.....


You could see Duvessa.

Vanquished Creatures
  Menkaure (D:4)
  An ice beast (D:4)
  2 hounds (D:4)
  An iguana (D:4)
  Natasha (twice) (D:4)
  Robin (D:2)
  2 gnolls (D:4)
  3 adders
  A worm (D:2)
  A dart slug (D:4)
  An orc (D:3)
  6 bats
  11 endoplasms
  3 giant cockroaches
  16 goblins
  10 hobgoblins
  7 jackals
  13 kobolds
  2 quokkas
  9 ball pythons
  4 frilled lizards (D:1)
  5 rats
102 creatures vanquished.

Notes
Turn   | Place    | Note
-------+----------+-------------------------------------------
     0 | D:1      | LeprechaunX the Octopode Shapeshifter began the quest for
                  | the Orb.
     0 | D:1      | Reached XP level 1. HP: 13/13 MP: 1/1
   151 | D:1      | Reached XP level 2. HP: 18/18 MP: 2/2
   377 | D:1      | Reached XP level 3. HP: 17/23 MP: 3/3
   887 | D:2      | Found a faded altar of an unknown god.
   889 | D:2      | Noticed Robin
  1038 | D:3      | Reached XP level 4. HP: 29/29 MP: 4/4
  1461 | D:3      | Reached skill level 4 in Shapeshifting
  1500 | D:2      | Killed Robin
  2202 | D:4      | Noticed an ice beast
  2205 | D:4      | Reached XP level 5. HP: 34/34 MP: 5/5
  2216 | D:4      | Killed an ice beast
  2217 | D:4      | Reached skill level 1 in Evocations
  2455 | D:4      | Reached XP level 6. HP: 27/41 MP: 6/6
  2543 | D:4      | Noticed Natasha
  2548 | D:4      | Killed Natasha
  2637 | D:4      | Noticed Natasha
  2648 | D:4      | Killed Natasha
  2900 | D:4      | Noticed Menkaure
  2903 | D:4      | Reached skill level 5 in Shapeshifting
  2908 | D:4      | Killed Menkaure
  2909 | D:4      | Reached XP level 7. HP: 33/46 MP: 7/7
  3073 | D:4      | Noticed Dowan
  3238 | D:4      | Noticed Duvessa
  3248 | D:4      | Slain by Duvessa

Illustrated notes

Levels and vault maps discovered:
D:1:      eino_arrival_water_star, layout_loops_cross, minmay_pentomino_v4
D:2:      layout_rooms, ebering_ecumenical_altar_webs, uniq_robin
D:3:      layout_basic
D:4:      layout_gridville, uniq_duvessa, uniq_menkaure, uniq_natasha

Skill      XL: |  1  2  3  4  5  6 |
---------------+-------------------+-----
Fighting       | 2 3 |  3.3
Shapeshifting  | 4 5 |  5.3
Evocations     | 1 2 |  2.7
Unarmed Combat | 4 |  4.4
Dodging        | |  2.0

Action                     |  1- 3 |  4- 6 |  7- 9 || total
---------------------------+-------+-------+-------++-------
  Melee: Unarmed           |    75 |    82 |    15 ||   172
         Constrict         |    19 |    24 |     4 ||    47
         Tentacles         |    10 |    18 |     6 ||    34
         Punch             |     1 |     3 |     2 ||     6
   Fire: Sling             |       |    45 |       ||    45
   Stab: Sleeping          |    11 |     4 |     1 ||    16
 Armour: Skin              |    24 |    36 |    11 ||    71
  Dodge: Dodged            |    37 |    48 |     8 ||    93

Table legend: (Time is in decaauts)
 A = Elapsed time spent in this place.
 B = Non-inter-level travel time spent in this place.
 C = Inter-level travel time spent in this place.
 D = Time resting spent in this place.
 E = Time spent auto-exploring this place.
 F = Levels seen in this place.
 G = Mean time per level.
                   A        B        C        D        E       F      G
               +--------+--------+--------+--------+--------+-----+--------+
         Total |   3250 |   2988 |    262 |    108 |   2267 |   4 |  812.5 |
       Dungeon |   3250 |   2988 |    262 |    108 |   2267 |   4 |  812.5 |
               +--------+--------+--------+--------+--------+-----+--------+

Top non-repeatable levels by time:
     D:3: 924 daAuts
     D:4: 877 daAuts
     D:1: 740 daAuts
     D:2: 707 daAuts
